Map: Whitewater Line LE

Players

Beignet

  • Race: Zerg Zerg
  • League: Diamond
  • Spawn Location: 1:00

GrüBen

  • Race: Terran Terran
  • League: Platinum
  • Spawn Location: 12:00

PurpleKing

  • Race: Terran Terran
  • Spawn Location: 1:00

qqq

  • Race: Zerg Zerg
  • League: Platinum
  • Spawn Location: 6:00

Massa

  • Race: Terran Terran
  • League: Gold
  • Spawn Location: 7:00

sexyAPM

  • Race: Zerg Zerg
  • Spawn Location: 7:00

VOD

Have the link to the VOD?

Description

Time

  • Played on: April 26, 2020, 3:08 p.m.
  • Length: 8:04
Show
View Real Time Build Order
Export as new Build Order

Beignet Zerg 

Build Orders: Hatch First 

Get SALT Encoding   

  12  0:03  Drone  
  13  0:14  Overlord  
  13  0:19  Drone  
  14  0:32  Drone  
  14  0:33  Drone  
  16  0:41  Drone  
  17  0:57  Hatchery  
  17  1:00  Drone  
  17  1:01  Drone  
  18  1:26  Spawning Pool  
  18  1:27  Extractor  
  18  1:32  Drone x3  
  19  1:49  Overlord  
  19  2:13  Zergling x6  
  19  2:14  Queen x2  
  26  2:18  Drone  
  27  2:24  Zergling x2  
  27  2:26  Metabolic Boost  
  27  2:28  Zergling x2  
  29  2:30  Zergling x2  
  29  2:36  Zergling x2  
  31  2:44  Zergling x2  
  31  2:50  Drone  
  33  2:53  Zergling x2, Baneling Nest  
  34  2:58  Zergling x2  
  34  3:02  Zergling x2  
  35  3:09  Zergling x2  
  36  3:15  Overlord  
  36  3:21  Overlord  
  36  3:35  Zergling x12  
  36  3:39  Zergling x2  
  36  3:40  Zergling x2  
  44  3:52  Zergling x4  
  46  3:58  Drone x2  
  44  4:22  Drone x3, Roach Warren  
  44  4:23  Drone x3  
  49  4:44  Extractor  
  48  4:45  Lair  
  48  4:46  Drone x2  
  48  4:47  Drone  
  51  4:55  Overlord x2  
  51  4:56  Drone  
  52  5:00  Extractor  
  52  5:02  Extractor, Drone  
  52  5:03  Drone  
  52  5:13  Drone x3  
  55  5:14  Drone  
  55  5:21  Drone x3, Spore Crawler  
  59  5:22  Zergling x2  
  59  5:44  Overlord  
  59  5:45  Overlord x2  
  59  6:02  Overlord x2  
  59  6:14  Spore Crawler  
  58  6:18  Hydralisk Den  
  58  6:21  Overlord  
  58  6:22  Drone x2  
  58  6:23  Drone x2  
  56  6:59  Zergling x6  
  56  7:00  Zergling x10  
  62  7:06  Zergling x6  
  62  7:07  Zergling x2  
  62  7:08  Zergling x2  
  64  7:10  Zergling x6  
  61  7:51  Spire  
Show
View Real Time Build Order
Export as new Build Order

GrüBen Terran 

Build Orders:  

Get SALT Encoding   

  12  0:01  SCV  
  13  0:13  SCV  
  14  0:19  Supply Depot  
  14  0:25  SCV  
  15  0:40  SCV  
  15  0:42  Barracks  
  16  0:52  SCV  
  17  1:04  SCV  
  17  1:08  Supply Depot  
  18  1:17  SCV  
  19  1:33  Command Center  
  19  1:36  SCV  
  20  1:41  Marine  
  21  1:49  SCV  
  21  1:52  Refinery  
  22  2:03  Bunker  
  22  2:06  SCV  
  23  2:09  Marine  
  23  2:10  Refinery  
  24  2:18  Orbital Command  
  24  2:32  Refinery  
  24  2:35  Marine  
  25  2:46  SCV  
  26  2:51  Refinery  
  26  2:53  SCV, Marine  
  26  2:58  SCV  
  29  3:05  SCV, Factory  
  30  3:10  SCV  
  31  3:15  Barracks  
  31  3:17  SCV  
  31  3:19  Marine  
  32  3:24  SCV  
  34  3:29  SCV  
  34  3:32  Barracks  
  35  3:43  Factory  
  35  3:48  Orbital Command  
  35  3:51  Factory Tech Lab  
  35  4:07  Barracks Tech Lab  
  35  4:12  Barracks Tech Lab  
  35  4:19  SCV x2  
  35  4:20  Bunker, Siege Tank  
  40  4:27  Barracks Tech Lab  
  40  4:28  Marauder  
  42  4:35  Supply Depot  
  42  4:39  Supply Depot  
  42  4:47  Factory Tech Lab  
  42  4:50  Marauder  
  42  4:51  Marauder  
  46  4:56  SCV x2, Siege Tank  
  51  5:05  Supply Depot  
  51  5:09  Siege Tank  
  54  5:15  SCV x2  
  54  5:19  Concussive Shells  
  56  5:21  Engineering Bay  
  56  5:28  Siege Tank  
  56  5:29  Marine  
  56  5:30  Marine  
  61  5:40  SCV, Marauder  
  61  5:41  SCV, Siege Tank  
  68  5:53  SCV, Supply Depot  
  69  6:02  Missile Turret  
  69  6:06  Missile Turret  
  69  6:10  SCV  
  70  6:14  SCV  
  70  6:15  Siege Tank x2  
  70  6:16  Supply Depot  
  77  6:22  SCV, Marine x3  
  81  6:26  Combat Shield  
  81  6:27  SCV  
  82  6:40  Marine, Supply Depot  
  82  6:42  Marine x2  
  82  6:44  SCV x2  
  82  6:47  Siege Tank x2  
  92  6:56  SCV  
  92  6:57  SCV  
  92  6:58  Marine  
  92  7:00  Marine  
  94  7:02  Supply Depot  
  92  7:19  Siege Tank x2  
  97  7:25  Supply Depot  
Show
View Real Time Build Order
Export as new Build Order

PurpleKing Terran 

Build Orders:  

Get SALT Encoding   

  12  0:00  SCV  
  13  0:12  SCV  
  14  0:25  SCV  
  14  0:26  Supply Depot  
  15  0:47  SCV  
  15  0:49  Barracks  
  16  0:59  SCV  
  17  1:12  SCV  
  17  1:13  Supply Depot  
  18  1:24  SCV  
  19  1:26  Refinery  
  19  1:37  Bunker, Marine  
  19  1:39  Orbital Command  
  20  1:56  Command Center  
  20  1:59  Marine  
  21  2:14  SCV  
  22  2:15  Refinery  
  22  2:17  Marine  
  23  2:23  Bunker  
  23  2:28  SCV  
  24  2:35  Engineering Bay, Marine  
  25  2:40  SCV  
  26  2:54  Marine  
  27  3:00  Factory  
  27  3:02  SCV  
  28  3:07  Orbital Command  
  28  3:15  SCV  
  28  3:17  Marine  
  30  3:23  Missile Turret  
  31  3:27  SCV  
  31  3:34  Marine  
  31  3:37  SCV, Supply Depot  
  31  3:39  SCV  
  34  3:42  Missile Turret  
  34  3:44  Factory Tech Lab  
  34  3:50  SCV  
  34  3:51  SCV  
  34  3:53  Refinery  
  36  3:59  Marine  
  37  4:03  SCV  
  37  4:06  Siege Tank  
  41  4:11  Starport  
  41  4:15  SCV  
  42  4:20  Marine  
  43  4:27  SCV  
  44  4:37  Missile Turret  
  44  4:39  SCV  
  44  4:43  Starport  
  44  4:45  Starport  
  45  4:46  Siege Tank  
  45  4:49  Starport Tech Lab  
  45  4:51  SCV  
  49  4:58  Refinery, SCV  
  50  5:01  Fusion Core  
  50  5:03  SCV  
  51  5:11  SCV  
  52  5:20  Starport Tech Lab  
  52  5:21  Starport Tech Lab  
  52  5:23  SCV  
  53  5:34  Supply Depot  
  53  5:35  Supply Depot  
  53  5:41  Supply Depot  
  53  5:44  SCV  
  54  5:55  SCV  
  54  5:56  Weapon Refit, SCV  
  56  5:57  Battlecruiser  
  68  6:25  Battlecruiser  
  68  6:34  Command Center  
  68  6:35  Missile Turret  
  68  6:36  Missile Turret  
  68  6:37  Missile Turret  
  68  6:55  Battlecruiser  
  74  7:24  Armory  
  74  7:27  SCV x2  
Show
View Real Time Build Order
Export as new Build Order

qqq Zerg 

Build Orders: Hatch First, Ravager All-In 

Get SALT Encoding   

  12  0:04  Drone  
  13  0:08  Drone  
  14  0:36  Hatchery  
  13  0:52  Spawning Pool  
  12  1:00  Overlord  
  12  1:06  Drone  
  13  1:17  Drone  
  14  1:21  Drone  
  15  1:28  Drone  
  15  1:32  Extractor  
  15  1:33  Extractor, Drone  
  15  1:42  Roach Warren  
  15  1:45  Drone  
  15  1:52  Drone  
  16  2:01  Queen  
  16  2:07  Drone  
  19  2:15  Drone  
  20  2:20  Overlord  
  20  2:28  Roach  
  22  2:32  Drone  
  23  2:37  Drone  
  23  2:43  Roach  
  26  2:50  Roach  
  28  2:53  Ravager  
  31  2:58  Roach  
  31  3:01  Drone  
  31  3:05  Drone  
  33  3:09  Drone  
  34  3:14  Ravager  
  34  3:15  Ravager  
  36  3:21  Overlord  
  36  3:31  Lair  
  36  3:37  Overlord  
  36  3:40  Drone  
  37  3:46  Roach  
  39  3:49  Ravager  
  39  3:52  Roach  
  42  3:56  Overlord  
  42  4:00  Drone  
  43  4:11  Roach x2  
  43  4:13  Roach  
  50  4:17  Ravager  
  50  4:18  Drone  
  50  4:20  Drone  
  50  4:24  Drone  
  53  4:33  Drone x2  
  53  4:37  Drone  
  56  4:44  Pneumatized Carapace  
  56  4:47  Drone  
  56  4:50  Extractor, Roach  
  58  4:55  Roach  
  60  5:08  Overlord x3  
  60  5:09  Overlord  
  60  5:27  Queen  
  62  5:30  Roach  
  62  5:31  Roach  
  66  5:40  Drone x3  
  66  5:41  Roach x3  
  75  5:45  Ravager x2  
  75  5:46  Ravager x2  
  79  5:54  Drone  
  80  6:06  Hatchery  
  80  6:10  Drone, Evolution Chamber  
  79  6:11  Evolution Chamber  
  78  6:19  Overseer  
  78  6:29  Drone x2  
  80  6:35  Roach x5  
  80  7:15  Roach  
  80  7:16  Roach x6  
  74  7:51  Drone x3  
Show
View Real Time Build Order
Export as new Build Order

Massa Terran 

Build Orders:  

Get SALT Encoding   

  12  0:12  SCV, Supply Depot  
  13  0:25  SCV  
  14  0:35  Barracks  
  14  0:37  SCV  
  15  0:49  SCV  
  16  1:01  SCV  
  17  1:13  SCV  
  17  1:15  Barracks  
  17  1:17  Supply Depot  
  18  1:25  SCV, Marine  
  20  1:38  Barracks  
  20  1:43  Marine  
  21  1:47  Orbital Command  
  21  1:53  Refinery  
  21  2:00  Marine  
  22  2:17  Marine  
  22  2:21  Barracks  
  23  2:31  Marine x2  
  23  2:34  Marine  
  26  2:49  Marine x2  
  28  2:52  Marine  
  29  3:05  SCV  
  29  3:07  Marine  
  31  3:13  Command Center  
  31  3:14  Supply Depot  
  31  3:23  Marine  
  31  3:24  Marine x3  
  35  3:36  Supply Depot  
  35  3:41  Marine  
  35  3:42  Marine x3  
  39  3:54  SCV  
  40  3:58  Factory  
  40  3:59  Marine  
  40  4:00  Marine x3  
  44  4:06  SCV  
  45  4:19  Barracks Tech Lab  
  45  4:20  Marine x2  
  45  4:21  Marine  
  48  4:28  SCV x2  
  50  4:38  Marine x2  
  50  4:39  Marine  
  53  4:50  Marauder  
  55  4:56  Marine x2  
  57  5:03  Factory Tech Lab  
  57  5:07  Marine  
  57  5:10  Command Center  
  57  5:12  Marauder  
  57  5:14  Marine  
  60  5:18  Combat Shield  
  61  5:30  Refinery  
  61  5:32  SCV x2  
  61  5:33  Marauder  
  65  5:44  SCV  
  65  5:45  Orbital Command  
  66  5:56  SCV  
  67  6:08  Siege Tank  
  70  6:18  Supply Depot  
  70  6:22  SCV  
  71  6:29  SCV  
  69  6:41  SCV, Supply Depot  
  70  6:47  Marine x3  
  70  6:53  SCV  
  67  7:03  Supply Depot  
  67  7:05  SCV, Marine x2  
  63  7:10  Siege Tank  
  63  7:12  Marine  
  63  7:13  Marauder  
  67  7:17  SCV  
  68  7:22  Marine  
  68  7:23  Marine  
  68  7:25  Supply Depot  
  68  7:29  SCV  
  71  7:30  Marine  
  71  7:32  SCV  
  71  7:34  Marauder  
  75  7:40  Marine x2  
  75  7:42  SCV  
  78  7:44  SCV  
  82  7:58  Engineering Bay  
  82  8:00  Engineering Bay  
Show
View Real Time Build Order
Export as new Build Order

sexyAPM Zerg 

Build Orders: Pool First 

Get SALT Encoding   

  12  0:19  Spawning Pool  
  11  0:23  Extractor  
  11  0:25  Drone  
  11  0:30  Drone  
  12  0:36  Drone  
  13  0:52  Drone  
  14  0:57  Overlord  
  14  1:15  Zergling x4  
  16  1:20  Zergling x2  
  17  1:27  Queen  
  17  1:31  Zergling x2  
  20  1:41  Zergling x2  
  21  1:54  Zergling x2  
  22  2:12  Hatchery  
  21  2:23  Drone  
  21  2:25  Overlord  
  22  2:35  Metabolic Boost  
  20  2:52  Drone x3  
  20  2:54  Drone  
  24  3:15  Drone x3  
  27  3:29  Drone  
  27  3:34  Drone x3  
  29  3:36  Drone x2  
  29  3:37  Queen  
  35  3:49  Roach Warren  
  35  3:50  Drone  
  35  4:02  Overlord  
  35  4:21  Hatchery  
  34  4:28  Extractor  
  34  4:29  Drone x3  
  34  4:30  Queen  
  34  4:31  Extractor  
  37  4:35  Drone  
  37  4:36  Drone x3  
  41  4:43  Lair  
  41  4:50  Drone x2  
  43  5:04  Overlord x2  
  43  5:19  Overlord x2  
  43  5:22  Queen  
  45  5:47  Spire  
  45  5:49  Drone x3, Infestation Pit  
  46  5:51  Drone x3  
  46  5:52  Drone  
  46  5:55  Drone  
  46  5:56  Drone x6  
  57  5:57  Drone  
  57  5:58  Drone x2  
  57  6:00  Queen  
  62  6:15  Drone x2  
  61  6:18  Overlord x2  
  61  6:23  Spore Crawler  
  61  6:24  Spore Crawler  
  59  6:28  Drone  
  59  6:29  Drone  
  61  6:33  Extractor  
  45  6:58  Zergling x4  
  45  6:59  Zergling x2  
  41  7:06  Drone x3  
  44  7:22  Drone x2  
  36  8:00  Extractor  
Tags
 
Add a new tag
Caveats
  • Supply blocks, unpowered buildings, or Contaminate may cause inaccurate times.
  • Supply counts are checked every 10 seconds.